AA
NEWARK KNIGHTS @ ROCKFORD PLAYBOYS
09/16/2059
 
TOP OF THE 1ST
Newark Knights batting - Pitching for Rockford Playboys : RHP Louis Bowermaster
Pitching: RHP Louis Bowermaster
Batting: RHB Benjamin Givler 0-0: Fly out, F7 (Flyball, 7, EV 81.2 MPH)
Batting: RHB Cameron Marry 0-0: Called Strike
0-1: Ball
1-1: SOLO HOME RUN (Flyball, 7D, EV 98.1 MPH), Distance : 384 ft
Batting: RHB Weldon Nnanna 0-0: Ball
1-0: Fly out, F7 (Flyball, 7D, EV 103.8 MPH)
Batting: LHB Broderick Council 0-0: Foul Ball, location: 2F
0-1: Ball
1-1: Ball
2-1: Ball
3-1: Called Strike
3-2: DOUBLE (Groundball, 5L, EV 103.1 MPH)
Pinch Runner at 2nd Stefan Traylor:
Batting: RHB Sullivan Hazelwood 0-0: Ball
1-0: SINGLE (Groundball, 6D, EV 105.6 MPH)
Stefan Traylor to third
Runner from 3rd tries for Home, throw by CF and OUT! 8-2
Top of the 1st over - 1 run, 3 hits, 0 errors, 1 left on base; Newark 1 - Rockford 0
BOTTOM OF THE 1ST
Rockford Playboys batting - Pitching for Newark Knights : LHP Jacob Dover
Pitching: LHP Jacob Dover
Now at 1B: Stefan Traylor
Batting: LHB Rafael Rutkowski 0-0: Ball
1-0: Ball
2-0: Called Strike
2-1: Ball
3-1: SINGLE (Groundball, 4D, EV 97.5 MPH)
Batting: RHB Peter Wingenbach 0-0: SINGLE (Groundball, 56D, EV 105.6 MPH)
Rafael Rutkowski to second
Batting: RHB Ralph Neben 0-0: Foul Ball, location: 2F
0-1: Ball
1-1: SINGLE (Groundball, 3D, EV 95.6 MPH)
Rafael Rutkowski to third
Peter Wingenbach to second
Batting: RHB Carter Carbon 0-0: Foul Ball, location: 2F
0-1: Grounds into double play, 4-6-3 (Groundball, 4, EV 82.5 MPH)
Rafael Rutkowski scores
Peter Wingenbach to third
Batting: RHB Phil Phillips 0-0: Ball
1-0: Foul Ball, location: 2F
1-1: Called Strike
1-2: Ball
2-2: Ball
3-2: Strikes out swinging
Bottom of the 1st over - 1 run, 3 hits, 0 errors, 1 left on base; Newark 1 - Rockford 1
TOP OF THE 2ND
Newark Knights batting - Pitching for Rockford Playboys : RHP Louis Bowermaster
Batting: LHB Jared Karrigan 0-0: Ball
1-0: Called Strike
1-1: Fly out, F8 (Flyball, 89M, EV 85.6 MPH)
Batting: RHB J.D. Brandon 0-0: Called Strike
0-1: Ball
1-1: Ball
2-1: Foul Ball, location: 2F
2-2: Ball
3-2: Foul Ball, location: 2F
3-2: Hit by Pitch
Batting: RHB Garret Perales 0-0: Ball
1-0: Called Strike
1-1: Ball
2-1: Called Strike
2-2: Strikes out swinging
Batting: RHB Kaleb Holle 0-0: Ball
1-0: Ball
2-0: Called Strike
2-1: Ball
3-1: Ground out 6-3 (Groundball, 6M, EV 112.5 MPH)
Top of the 2nd over - 0 runs, 0 hits, 0 errors, 1 left on base; Newark 1 - Rockford 1
BOTTOM OF THE 2ND
Rockford Playboys batting - Pitching for Newark Knights : LHP Jacob Dover
Batting: RHB Edward Cain 0-0: Called Strike
0-1: Swinging Strike
0-2: Strikes out looking
Batting: RHB Armand Carandini 0-0: Foul Ball, location: 2F
0-1: Ball
1-1: Ball
2-1: Ball
3-1: Foul Ball, location: 2F
3-2: Base on Balls
Batting: RHB Garick Ocasio 0-0: Ball
Armand Carandini is caught stealing 2nd base 2-4
1-0: Ball
2-0: Swinging Strike
2-1: Foul Ball, location: 2F
2-2: Foul Ball, location: 2F
2-2: Ball
3-2: Strikes out looking
Bottom of the 2nd over - 0 runs, 0 hits, 0 errors, 0 left on base; Newark 1 - Rockford 1
TOP OF THE 3RD
Newark Knights batting - Pitching for Rockford Playboys : RHP Louis Bowermaster
Batting: RHB Benjamin Givler 0-0: Ground out 6-3 (Groundball, 56, EV 85.0 MPH)
Batting: RHB Cameron Marry 0-0: Called Strike
0-1: Swinging Strike
0-2: Ground out 4-3 (Groundball, 34, EV 108.8 MPH)
Batting: RHB Weldon Nnanna 0-0: Called Strike
0-1: Called Strike
0-2: Ball
1-2: Ball
2-2: Ball
3-2: DOUBLE (Line Drive, 89D, EV 100.0 MPH)
Batting: SHB Stefan Traylor 0-0: Ground out 3-1 (Groundball, 34, EV 80.0 MPH)
Top of the 3rd over - 0 runs, 1 hit, 0 errors, 1 left on base; Newark 1 - Rockford 1
BOTTOM OF THE 3RD
Rockford Playboys batting - Pitching for Newark Knights : LHP Jacob Dover
Batting: LHB Josh Valentine 0-0: SINGLE (Line Drive, 9S, EV 105.0 MPH)
Batting: LHB Rafael Rutkowski 0-0: Ball
1-0: Fly out, F2 (Popup, 2LF, EV 93.8 MPH)
Batting: RHB Peter Wingenbach 0-0: Called Strike
0-1: Ball
1-1: Foul Ball, location: 2F
1-2: Strikes out looking
Batting: RHB Ralph Neben 0-0: Called Strike
0-1: Swinging Strike
0-2: Fielders Choice at 2nd, 6-4 (Groundball, 6, EV 80.0 MPH)
Bottom of the 3rd over - 0 runs, 1 hit, 0 errors, 1 left on base; Newark 1 - Rockford 1
TOP OF THE 4TH
Newark Knights batting - Pitching for Rockford Playboys : RHP Louis Bowermaster
Batting: RHB Sullivan Hazelwood 0-0: Fly out, F8 (Flyball, 8RXD, EV 93.1 MPH)
Batting: LHB Jared Karrigan 0-0: Ball
1-0: Called Strike
1-1: Foul Ball, location: 2F
1-2: Ball
2-2: Strikes out swinging
Batting: RHB J.D. Brandon 0-0: Ball
1-0: Swinging Strike
1-1: Called Strike
1-2: Strikes out swinging
Top of the 4th over - 0 runs, 0 hits, 0 errors, 0 left on base; Newark 1 - Rockford 1
BOTTOM OF THE 4TH
Rockford Playboys batting - Pitching for Newark Knights : LHP Jacob Dover
Batting: RHB Carter Carbon 0-0: Called Strike
0-1: Called Strike
0-2: Strikes out swinging
Batting: RHB Phil Phillips 0-0: Ball
1-0: Foul Ball, location: 2F
1-1: Foul Ball, location: 2F
1-2: Ball
2-2: Foul Ball, location: 2F
2-2: Strikes out swinging
Batting: RHB Edward Cain 0-0: Called Strike
0-1: Ball
1-1: Called Strike
1-2: Ground out 4-3 (Groundball, 4, EV 76.9 MPH)
Bottom of the 4th over - 0 runs, 0 hits, 0 errors, 0 left on base; Newark 1 - Rockford 1
TOP OF THE 5TH
Newark Knights batting - Pitching for Rockford Playboys : RHP Louis Bowermaster
Batting: RHB Garret Perales 0-0: Called Strike
0-1: Swinging Strike
0-2: Foul Ball, location: 2F
0-2: Ball
1-2: Ball
2-2: Foul Ball, location: 2F
2-2: Ground out 5-3 (Groundball, 5L, EV 105.6 MPH)
Batting: RHB Kaleb Holle 0-0: Ground out 6-3 (Groundball, 56, EV 77.5 MPH)
Batting: RHB Benjamin Givler 0-0: Called Strike
0-1: Foul Ball, location: 2F
0-2: Foul Ball, location: 2F
0-2: Ball
1-2: Ball
2-2: Strikes out looking
Top of the 5th over - 0 runs, 0 hits, 0 errors, 0 left on base; Newark 1 - Rockford 1
BOTTOM OF THE 5TH
Rockford Playboys batting - Pitching for Newark Knights : LHP Jacob Dover
Batting: RHB Armand Carandini 0-0: Ground out 4-3 (Groundball, 4MS, EV 66.2 MPH)
Batting: RHB Garick Ocasio 0-0: Foul Ball, location: 2F
0-1: Foul Ball, location: 2F
0-2: Ball
1-2: Ground out 4-3 (Groundball, 4M, EV 102.5 MPH)
Batting: LHB Josh Valentine 0-0: Foul Ball, location: 2F
0-1: Swinging Strike
0-2: Foul Ball, location: 2F
0-2: Ball
1-2: Strikes out looking
Bottom of the 5th over - 0 runs, 0 hits, 0 errors, 0 left on base; Newark 1 - Rockford 1
TOP OF THE 6TH
Newark Knights batting - Pitching for Rockford Playboys : RHP Louis Bowermaster
Batting: RHB Cameron Marry 0-0: Called Strike
0-1: Swinging Strike
0-2: Strikes out swinging
Batting: RHB Weldon Nnanna 0-0: Ball
1-0: Ball
2-0: Ball
3-0: Base on Balls
Batting: SHB Stefan Traylor 0-0: Ball
1-0: SINGLE (Groundball, 34D, EV 105.6 MPH)
Weldon Nnanna to second
Runner from 2nd tries for 3rd, SAFE, throw by RF made to third
Stefan Traylor to second
Batting: RHB Sullivan Hazelwood 0-0: Fly out, F7 (Line Drive, 78D, EV 95.6 MPH)
Runner from 3rd tags up, SCORES, no throw by LF
Batting: LHB Jared Karrigan 0-0: SINGLE (Line Drive, 78S, EV 92.5 MPH)
Stefan Traylor to third
Batting: RHB J.D. Brandon 0-0: Ball
1-0: Ground out 4-3 (Groundball, 34S, EV 90.0 MPH)
Top of the 6th over - 1 run, 2 hits, 0 errors, 2 left on base; Newark 2 - Rockford 1
BOTTOM OF THE 6TH
Rockford Playboys batting - Pitching for Newark Knights : LHP Jacob Dover
Batting: LHB Rafael Rutkowski 0-0: SINGLE (Groundball, 6MS, EV 61.2 MPH) (infield hit)
Batting: RHB Peter Wingenbach 0-0: Bunted foul
0-1: Sac Bunt to 3S - play at first, batter OUT! 3-4
Rafael Rutkowski to second
Batting: RHB Ralph Neben 0-0: Fly out, F8 (Flyball, 8RM, EV 90.6 MPH)
Batting: RHB Carter Carbon 0-0: Called Strike
0-1: Ball
1-1: Ball
2-1: Ball
3-1: Ground out 4-3 (Groundball, 4, EV 86.2 MPH)
Bottom of the 6th over - 0 runs, 1 hit, 0 errors, 1 left on base; Newark 2 - Rockford 1
TOP OF THE 7TH
Newark Knights batting - Pitching for Rockford Playboys : RHP Louis Bowermaster
Pitching: LHP Tommy Moon
Batting: RHB Garret Perales 0-0: Called Strike
0-1: Swinging Strike
0-2: Foul Ball, location: 2F
0-2: Ball
1-2: Strikes out looking
Batting: RHB Kaleb Holle 0-0: Called Strike
0-1: Foul Ball, location: 2F
0-2: Strikes out looking
Batting: RHB Benjamin Givler 0-0: Swinging Strike
0-1: SINGLE (Line Drive, 8LS, EV 110.0 MPH)
Batting: RHB Cameron Marry 0-0: Called Strike
0-1: Called Strike
0-2: Ball
1-2: Ball
2-2: Foul Ball, location: 2F
2-2: Strikes out swinging
Top of the 7th over - 0 runs, 1 hit, 0 errors, 1 left on base; Newark 2 - Rockford 1
BOTTOM OF THE 7TH
Rockford Playboys batting - Pitching for Newark Knights : LHP Jacob Dover
Batting: RHB Phil Phillips 0-0: Ball
1-0: Foul Ball, location: 2F
1-1: DOUBLE (Line Drive, 89XD, EV 111.2 MPH)
Batting: RHB Edward Cain 0-0: Called Strike
0-1: Ball
1-1: Foul Ball, location: 2F
1-2: Strikes out looking
Batting: RHB Armand Carandini 0-0: Ball
1-0: Ground out 6-3 (Groundball, 6, EV 86.2 MPH)
Batting: RHB Garick Ocasio 0-0: Ball
1-0: Ball
2-0: SINGLE (Groundball, 6MD, EV 95.0 MPH)
Phil Phillips to third
Runner from 3rd tries for Home, SAFE, throw by CF to home
Garick Ocasio to second
Pinch Hitting: RHB Carson MacLachlan 0-0: Foul Ball, location: 2F
0-1: Foul Ball, location: 2F
0-2: Ball
1-2: Ground out 4-3 (Groundball, 34, EV 84.4 MPH)
Bottom of the 7th over - 1 run, 2 hits, 0 errors, 1 left on base; Newark 2 - Rockford 2
TOP OF THE 8TH
Newark Knights batting - Pitching for Rockford Playboys : LHP Tommy Moon
Now at 3B: Kennedy Mejia
Batting: RHB Weldon Nnanna 0-0: Called Strike
0-1: Ball
1-1: Ground out 4-3 (Groundball, 4, EV 106.2 MPH)
Batting: SHB Stefan Traylor 0-0: Called Strike
0-1: Hit by Pitch
Batting: RHB Sullivan Hazelwood 0-0: Swinging Strike
0-1: Called Strike
0-2: Ball
1-2: Ball
2-2: Grounds into double play, 4-6-3 (Groundball, 4, EV 109.4 MPH)
Top of the 8th over - 0 runs, 0 hits, 0 errors, 0 left on base; Newark 2 - Rockford 2
BOTTOM OF THE 8TH
Rockford Playboys batting - Pitching for Newark Knights : LHP Jacob Dover
Batting: LHB Rafael Rutkowski 0-0: Ball
1-0: Ball
2-0: Called Strike
2-1: Fly out, F7 (Line Drive, 7D, EV 110.0 MPH)
Batting: RHB Peter Wingenbach 0-0: Foul Ball, location: 2F
0-1: Fly out, F5 (Popup, 5SF, EV 72.5 MPH)
Batting: RHB Ralph Neben 0-0: Ball
1-0: Ball
2-0: Foul Ball, location: 2F
2-1: DOUBLE (Flyball, 89D, EV 104.4 MPH)
Batting: RHB Carter Carbon 0-0: Ball
1-0: Swinging Strike
1-1: Ball
2-1: Ball
3-1: Base on Balls
Pitching: RHP Cory Burney
Batting: RHB Phil Phillips 0-0: Foul Ball, location: 2F
0-1: Ball
1-1: Called Strike
1-2: Foul Ball, location: 2F
1-2: Fly out, F8 (Flyball, 8LD, EV 83.8 MPH)
Bottom of the 8th over - 0 runs, 1 hit, 0 errors, 2 left on base; Newark 2 - Rockford 2
TOP OF THE 9TH
Newark Knights batting - Pitching for Rockford Playboys : LHP Tommy Moon
Pitching: RHP Nic Hoon
Batting: LHB Jared Karrigan 0-0: Ground out 4-3 (Groundball, 4, EV 90.0 MPH)
Pinch Hitting: LHB Dev Carlson 0-0: SINGLE (Line Drive, 8LS, EV 104.4 MPH)
Batting: RHB Garret Perales 0-0: Called Strike
0-1: Ball
1-1: Foul Ball, location: 2F
1-2: Ball
2-2: Ball
3-2: Strikes out looking
Batting: RHB Kaleb Holle 0-0: SINGLE (Groundball, 4MD, EV 99.4 MPH)
Dev Carlson to second
Runner from 2nd tries for 3rd, SAFE, no throw by CF
Pinch Hitting: SHB Zak Puckett 0-0: Ball
1-0: Swinging Strike
1-1: Foul Ball, location: 2F
1-2: Strikes out swinging
Top of the 9th over - 0 runs, 2 hits, 0 errors, 2 left on base; Newark 2 - Rockford 2
BOTTOM OF THE 9TH
Rockford Playboys batting - Pitching for Newark Knights : RHP Cory Burney
Pitching: RHP Josh Bickford
Now at C: Fulton Mhina
Now at 2B: Kyle Majka
Pinch Hitting: LHB Skylar Reid 0-0: Ball
1-0: Called Strike
1-1: Ball
2-1: Foul Ball, location: 2F
2-2: Ball
3-2: Fly out, F7 (Flyball, 7S, EV 93.8 MPH)
Pinch Hitting: LHB Riley Cannell 0-0: Swinging Strike
0-1: Ball
1-1: Ball
2-1: SINGLE (Groundball, 34D, EV 95.6 MPH)
Batting: RHB Garick Ocasio 0-0: SINGLE (Line Drive, 7S, EV 101.9 MPH)
Riley Cannell to second
Batting: RHB Kennedy Mejia 0-0: Foul Ball, location: 2F
0-1: Called Strike
0-2: Foul Ball, location: 2F
0-2: Ball
1-2: Ball
2-2: Fly out, F8 (Line Drive, 78M, EV 91.9 MPH)
Batting: LHB Rafael Rutkowski 0-0: Called Strike
0-1: Foul Ball, location: 2F
0-2: Ground out U3 (Groundball, 3, EV 79.4 MPH)
Bottom of the 9th over - 0 runs, 2 hits, 0 errors, 2 left on base; Newark 2 - Rockford 2
TOP OF THE 10TH
Newark Knights batting - Pitching for Rockford Playboys : RHP Nic Hoon
Now at C: Skylar Reid
Now in LF: D'Shawn Brown
Batting: RHB Cameron Marry 0-0: Foul Ball, location: 2F
0-1: Ball
1-1: Ball
2-1: Swinging Strike
2-2: Ball
3-2: Fly out, F7 (Flyball, 7, EV 82.5 MPH)
Batting: RHB Weldon Nnanna 0-0: Called Strike
0-1: Foul Ball, location: 2F
0-2: Ball
1-2: Ball
2-2: Fly out, F7 (Flyball, 78M, EV 73.1 MPH)
Batting: SHB Stefan Traylor 0-0: Ball
1-0: Called Strike
1-1: Ball
2-1: Foul Ball, location: 2F
2-2: Foul Ball, location: 2F
2-2: DOUBLE (Flyball, 78XD, EV 115.0 MPH)
Batting: RHB Sullivan Hazelwood 0-0: Ball
1-0: Foul Ball, location: 2F
1-1: Called Strike
1-2: Ball
2-2: Foul Ball, location: 2F
2-2: Fly out, F7 (Flyball, 78M, EV 87.5 MPH)
Top of the 10th over - 0 runs, 1 hit, 0 errors, 1 left on base; Newark 2 - Rockford 2
BOTTOM OF THE 10TH
Rockford Playboys batting - Pitching for Newark Knights : RHP Josh Bickford
Batting: RHB Peter Wingenbach 0-0: Ball
1-0: Called Strike
1-1: Foul Ball, location: 2F
1-2: Fly out, F8 (Flyball, 78D, EV 70.0 MPH)
Batting: RHB Ralph Neben 0-0: Ball
1-0: Swinging Strike
1-1: Ball
2-1: Foul Ball, location: 2F
2-2: Ball
3-2: DOUBLE (Flyball, 8LXD, EV 107.5 MPH)
Batting: RHB Carter Carbon 0-0: Intentional Walk
Batting: RHB Phil Phillips 0-0: Called Strike
0-1: Called Strike
0-2: SINGLE (Groundball, 15S, EV 63.8 MPH) (infield hit)
Ralph Neben to third
Carter Carbon to second
Batting: LHB Skylar Reid 0-0: Called Strike
0-1: Ball
1-1: Swinging Strike
1-2: Strikes out swinging
Batting: LHB D'Shawn Brown 0-0: Called Strike
0-1: Foul Ball, location: 2F
0-2: Strikes out swinging
Bottom of the 10th over - 0 runs, 2 hits, 0 errors, 3 left on base; Newark 2 - Rockford 2
TOP OF THE 11TH
Newark Knights batting - Pitching for Rockford Playboys : RHP Nic Hoon
Pitching: LHP Kellen LeClair
Batting: LHB Jared Karrigan 0-0: Foul Ball, location: 2F
0-1: Ball
1-1: Ball
2-1: Ground out 4-3 (Groundball, 34D, EV 104.4 MPH)
Batting: RHB Fulton Mhina 0-0: Ground out 4-3 (Groundball, 4, EV 85.0 MPH)
Batting: RHB Garret Perales 0-0: Called Strike
0-1: Ball
1-1: Ball
2-1: SINGLE (Line Drive, 5D, EV 97.5 MPH)
Batting: RHB Kaleb Holle 0-0: Called Strike
0-1: Ball
1-1: Foul Ball, location: 2F
1-2: Strikes out swinging
Top of the 11th over - 0 runs, 1 hit, 0 errors, 1 left on base; Newark 2 - Rockford 2
BOTTOM OF THE 11TH
Rockford Playboys batting - Pitching for Newark Knights : RHP Josh Bickford
Batting: RHB Garick Ocasio 0-0: Called Strike
0-1: Ball
1-1: Ball
2-1: Ball
3-1: Base on Balls
Batting: RHB Kennedy Mejia 0-0: Ball
1-0: Ball
2-0: Called Strike
2-1: SINGLE (Groundball, 34, EV 100.6 MPH) (infield hit)
Garick Ocasio to second
Batting: LHB Rafael Rutkowski 0-0: Called Strike
Garick Ocasio steals 3rd base
Kennedy Mejia to second
0-1: Fielders Choice at home, 6-2 (Groundball, 6MS, EV 73.1 MPH)
Kennedy Mejia to third
Batting: RHB Peter Wingenbach 0-0: Called Strike
Rafael Rutkowski steals 2nd base (no throw)
0-1: Foul Ball, location: 2F
0-2: Fielders Choice at home, 6-2 (Groundball, 6, EV 83.8 MPH)
Rafael Rutkowski to third
Batting: RHB Ralph Neben 0-0: Called Strike
0-1: Called Strike
0-2: SINGLE (Groundball, 56D, EV 101.2 MPH)
Rafael Rutkowski scores
Bottom of the 11th over - 1 run, 2 hits, 0 errors, 1 left on base; Newark 2 - Rockford 3
Tuesday, April 2nd , 2024 - OOTP Baseball 23.10 Build 110